Map: Automaton LE

Players

Lambo - Winner!

  • Race: Zerg Zerg
  • Spawn Location: 9:00

Cloudy

  • Race: Protoss Protoss
  • Spawn Location: 3:00

Event: 2019 WCS Spring

VOD

Have the link to the VOD?

Description

Time

  • Played on: May 17, 2019, 1:15 p.m.
  • Length: 9:58

All games in this series

Show
View Real Time Build Order
Export as new Build Order

Lambo Zerg - Winner!

Build Orders: Hatch First 

Get SALT Encoding   

  12  0:00  Drone  
  13  0:12  Overlord  
  13  0:17  Drone  
  14  0:30  Drone x2  
  16  0:49  Hatchery  
  15  0:52  Drone  
  15  0:56  Drone  
  17  0:59  Drone  
  18  1:10  Extractor  
  17  1:15  Spawning Pool  
  17  1:18  Drone  
  17  1:21  Drone  
  18  1:27  Drone  
  19  1:39  Drone  
  20  1:50  Overlord  
  20  2:01  Queen  
  20  2:02  Queen, Zergling x4  
  26  2:10  Drone  
  26  2:11  Drone  
  28  2:24  Drone x2  
  30  2:32  Hatchery  
  30  2:34  Drone  
  30  2:39  Pneumatized Carapace  
  30  2:44  Drone  
  30  2:49  Overlord, Drone  
  32  2:57  Queen  
  34  3:00  Drone  
  34  3:02  Drone  
  36  3:12  Drone x2  
  38  3:13  Drone  
  38  3:15  Drone  
  38  3:16  Overlord  
  40  3:22  Drone  
  40  3:24  Drone  
  42  3:27  Lair  
  42  3:33  Roach Warren  
  42  3:34  Drone  
  42  3:37  Drone  
  42  3:41  Drone x2  
  45  3:44  Drone x2  
  45  3:46  Drone  
  48  3:48  Extractor  
  48  3:50  Extractor  
  48  3:54  Drone x2  
  48  3:55  Drone x2  
  50  3:59  Overlord  
  51  4:10  Drone  
  51  4:15  Queen  
  51  4:16  Drone  
  54  4:17  Overlord  
  54  4:19  Drone x2  
  54  4:20  Roach x3  
  62  4:26  Overseer  
  62  4:29  Roach x2  
  66  4:32  Overlord  
  66  4:36  Overlord, Overseer  
  66  4:38  Roach  
  68  4:39  Drone  
  68  4:44  Overlord  
  68  4:47  Glial Reconstitution, Drone x2  
  68  4:51  Drone  
  72  4:52  Drone  
  72  4:53  Drone x2  
  72  4:56  Overlord  
  74  5:01  Evolution Chamber  
  74  5:03  Drone x2  
  74  5:04  Overlord  
  74  5:06  Drone  
  76  5:09  Overlord, Drone  
  76  5:12  Roach  
  79  5:16  Roach x2, Extractor  
  79  5:18  Roach  
  79  5:20  Drone  
  85  5:26  Roach x2  
  89  5:31  Roach x2  
  89  5:35  Overlord  
  93  5:36  Overlord  
  93  5:38  Drone x2  
  93  5:39  Overlord  
  93  5:40  Drone  
  96  5:43  Overlord, Drone  
  96  5:44  Overlord  
  96  5:48  Overlord  
  96  5:49  Drone  
  98  5:50  Drone  
  98  5:53  Zerg Missile Weapons Level 1  
  98  5:54  Extractor  
  98  5:56  Extractor, Overseer, Baneling Nest  
  95  6:00  Roach x2  
  99  6:05  Roach x2  
  99  6:08  Overlord  
  99  6:10  Drone x2  
  105  6:12  Drone  
  106  6:20  Drone  
  106  6:21  Drone x2  
  106  6:22  Drone  
  106  6:25  Drone  
  109  6:34  Overlord, Drone x4  
  113  6:48  Roach  
  113  6:49  Roach x6  
  113  6:53  Roach x4  
  135  6:57  Centrifical Hooks  
  135  7:04  Roach x2  
  135  7:05  Roach  
  141  7:12  Roach x4  
  141  7:13  Ravager x3, Hatchery  
  152  7:15  Ravager  
  152  7:17  Roach  
  152  7:22  Overlord  
  154  7:25  Overlord  
  154  7:26  Overlord  
  154  7:29  Overlord  
  154  7:30  Metabolic Boost  
  154  7:33  Overlord  
  154  7:39  Queen  
  154  7:40  Overlord  
  154  7:41  Ravager  
  154  7:44  Roach x6, Overseer  
  169  7:47  Roach x2  
  169  7:49  Overseer  
  169  7:51  Roach x2  
  175  7:52  Ravager  
  175  7:53  Ravager x2  
  175  7:59  Roach x4  
  183  8:06  Overlord  
  183  8:08  Roach  
  183  8:09  Roach x2  
  181  8:15  Zergling x8  
  185  8:20  Ravager, Zergling x2  
  185  8:21  Zergling x4  
  185  8:24  Zergling x2  
  185  8:25  Zergling x2  
  185  8:26  Ravager  
  192  8:31  Roach x2  
  196  8:34  Zergling x4  
  196  8:37  Baneling x8  
  196  8:41  Overlord  
  196  8:47  Baneling x10  
  192  8:49  Zergling x14  
  192  8:53  Overseer  
  193  9:02  Zergling x10  
  178  9:05  Ravager x2  
  178  9:07  Roach  
  178  9:09  Baneling x5  
  182  9:13  Overseer  
  182  9:14  Roach  
  182  9:15  Roach x2  
  174  9:17  Roach  
  162  9:25  Roach x5, Zergling x4  
  174  9:31  Baneling x4  
  174  9:37  Zergling x22  
  185  9:42  Baneling x2  
Show
View Real Time Build Order
Export as new Build Order

Cloudy Protoss 

Build Orders: 1 Gate Expand, Archon Immortal, Archon Drop, Dark Templar Rush 

Get SALT Encoding   

  12  0:01  Probe  
  13  0:13  Probe  
  14  0:20  Pylon  
  14  0:25  Probe  
  15  0:35  Probe  
  15  0:38  Gateway  
  16  0:43  Probe  
  16  0:46  Assimilator  
  17  0:54  Probe  
  18  1:06  Probe  
  19  1:18  Probe  
  20  1:28  Nexus  
  20  1:38  Cybernetics Core  
  20  1:41  Probe  
  21  1:47  Assimilator  
  21  1:54  Probe  
  22  1:57  Pylon  
  22  2:05  Adept  
  22  2:06  Probe  
  23  2:14  Probe  
  26  2:23  Probe  
  27  2:32  Twilight Council  
  27  2:35  Stalker, Warp Gate  
  29  2:39  Probe  
  29  2:40  Probe  
  31  2:48  Probe  
  31  2:51  Probe  
  31  2:57  Probe  
  33  2:58  Robotics Facility  
  33  3:03  Probe  
  35  3:09  Probe  
  36  3:16  Dark Shrine  
  36  3:17  Probe  
  37  3:21  Probe  
  37  3:26  Gateway  
  38  3:30  Probe  
  38  3:33  Probe  
  40  3:39  Gateway  
  40  3:41  Warp Prism  
  40  3:42  Probe  
  40  3:43  Gateway  
  41  3:54  Probe  
  44  3:59  Probe  
  44  4:01  Pylon  
  45  4:05  Assimilator  
  45  4:07  Assimilator, Probe  
  46  4:11  Pylon  
  46  4:18  Probe  
  46  4:19  Probe  
  46  4:24  Observer  
  49  4:26  Probe  
  50  4:31  Probe  
  51  4:40  Probe  
  52  4:46  Pylon  
  52  4:50  Dark Templar x2  
  52  4:51  Dark Templar x2  
  60  4:55  Immortal  
  60  5:03  Pylon  
  64  5:07  Archon  
  64  5:08  Archon  
  64  5:09  Pylon  
  64  5:11  Forge  
  64  5:22  Immortal  
  64  5:23  Probe x2  
  70  5:37  Nexus  
  70  5:45  Probe  
  70  5:46  Probe  
  72  5:51  Immortal  
  72  5:54  Sentry  
  72  5:55  Sentry  
  76  5:58  Probe  
  76  6:00  Pylon  
  81  6:05  Sentry  
  81  6:10  Sentry  
  85  6:14  Gateway  
  85  6:17  Gateway x2  
  85  6:21  Gateway  
  85  6:23  Immortal  
  85  6:28  Protoss Ground Weapons Level 1  
  85  6:38  Zealot x2  
  93  6:46  Pylon  
  93  6:47  Pylon  
  93  6:56  Zealot x2  
  93  6:57  Charge, Probe x2  
  99  7:03  Probe  
  100  7:09  Probe x2  
  102  7:15  Probe  
  102  7:19  Zealot x3, Pylon x2  
  102  7:20  Dark Templar x2  
  102  7:21  Probe  
  114  7:28  Stalker x2  
  118  7:30  Stalker  
  118  7:32  Probe x2  
  118  7:33  Probe  
  123  7:44  Probe  
  123  7:46  Dark Templar  
  123  7:47  Dark Templar  
  123  7:48  Zealot  
  126  7:52  Zealot, Archon  
  126  7:53  Zealot x3  
  126  7:54  Zealot  
  136  8:00  Pylon  
  134  8:11  Zealot  
  126  8:14  Dark Templar x2  
  126  8:16  Dark Templar x2  
  134  8:20  Zealot x2  
  134  8:21  Archon x2  
  134  8:22  Zealot  
  140  8:27  Immortal  
  140  8:28  Pylon  
  136  8:36  Zealot  
  137  8:43  Zealot x3  
  137  8:47  Dark Templar  
  141  8:53  Immortal  
  141  8:54  Zealot x3  
  125  9:04  Zealot x4  
  75  9:27  Probe x2  
  75  9:28  Dark Templar x2  
  75  9:29  Zealot x3  
  75  9:30  Zealot  
  89  9:33  Assimilator  
  89  9:34  Archon  
  93  9:41  Assimilator  
  93  9:47  Zealot x2  
  93  9:51  Zealot x3  
  93  9:52  Zealot  
Tags
 
Add a new tag
Caveats
  • Supply blocks, unpowered buildings, or Contaminate may cause inaccurate times.
  • Supply counts are checked every 10 seconds.